[Event "Olimpiade 2024 - Donne"]
[Site "Budapest"]
[Date "22.09.2024"]
[Round "11.50"]
[White "Feng, Eunice"]
[Black "Camp, Imogen A L"]
[Result "1-0"]
[WhiteElo "1974"]
[BlackElo "1923"]
[ECO "C50"]
[Opening "Giuoco Pianissimo"]
[TimeControl "5400/40+30:1800"]
[EventDate "2024.09.11"]
[Board "1"]
[WhiteFideId "331059520"]
[BlackFideId "1802240"]
[WhiteTeam "Hong Kong, China"]
[BlackTeam "Wales"]

1. e4 e5 2. Bc4 Nf6 3. d3 Bc5 4. Nf3 Nc6 5. c3 d6 6. O-O a5 7. Nbd2 O-O 8.
h3 h6 9. Re1 Be6 10. Bb3 Bxb3 11. axb3 Re8 12. Nf1 Ne7 13. Ng3 Ng6 14. d4
exd4 15. cxd4 Bb4 16. Re2 c6 17. Qd3 Qd7 18. h4 Qg4 19. Nh2 Qxh4 20. Qf3 d5
21. e5 Nh7 22. Nf5 Qd8 23. Bxh6 Nh4 24. Nxh4 Qxh4 25. Bf4 Ng5 26. Bxg5 Qxg5
27. Qd3 Re6 28. Re3 Rae8 29. Rf1 Qf4 30. g3 Qh6 31. f4 Qh7 32. Qxh7+ Kxh7
33. f5 Rh6 34. Ng4 Rh5 35. Kg2 c5 36. Rd3 Rd8 37. Ne3 g6 38. dxc5 gxf5 39.
Nxd5 Rc8 40. Nf6+ Kg6 41. Nxh5 Kxh5 42. Rxf5+ Kg6 43. Rf6+ Kg5 44. Rxf7
Rxc5 45. Re3 Rc2+ 46. Kf3 Bc5 47. Re2 Rc1 48. Rxb7 1-0

[Event "Olimpiade 2024 - Donne"]
[Site "Budapest"]
[Date "22.09.2024"]
[Round "11.50"]
[White "Smith, Lynda"]
[Black "Lou, Yuxin"]
[Result "0-1"]
[WhiteElo "1831"]
[BlackElo "1654"]
[ECO "B24"]
[Opening "Sicilian"]
[Variation "closed"]
[TimeControl "5400/40+30:1800"]
[EventDate "2024.09.11"]
[Board "2"]
[WhiteFideId "1800191"]
[BlackFideId "6013996"]
[WhiteTeam "Wales"]
[BlackTeam "Hong Kong, China"]

1. e4 c5 2. Nc3 Nc6 3. g3 e6 4. Bg2 g6 5. d3 Bg7 6. Be3 b6 7. Qd2 Bb7 8.
Nge2 Nf6 9. Bh6 Bxh6 10. Qxh6 Qe7 11. h4 O-O-O 12. Qd2 d5 13. exd5 Nxd5 14.
O-O-O Nxc3 15. Qxc3 Nb4 16. Bxb7+ Qxb7 17. Kb1 Nd5 18. Qe5 Qc7 19. Qxc7+
Kxc7 20. d4 cxd4 21. Nxd4 Kb7 22. Nf3 f6 23. Rd2 Ne7 24. Rhd1 Nc6 25. Nd4
Nxd4 26. Rxd4 Rxd4 27. Rxd4 Kc7 28. Kc1 Rd8 29. Rxd8 Kxd8 30. f4 Kd7 31.
Kd2 Kd6 32. Ke3 e5 33. fxe5+ Kxe5 34. c3 b5 35. b3 a5 36. a3 Kd5 37. Kd3 a4
38. bxa4 bxa4 39. g4 h5 40. gxh5 gxh5 41. c4+ Kc5 42. Kc3 f5 43. Kd3 f4 44.
Ke4 Kxc4 45. Kxf4 Kb3 46. Kg5 Kxa3 47. Kxh5 Kb3 48. Kg6 a3 49. h5 a2 50. h6
a1=Q 51. Kh7 Qf6 52. Kg8 Qxh6 0-1

[Event "Olimpiade 2024 - Donne"]
[Site "Budapest"]
[Date "22.09.2024"]
[Round "11.50"]
[White "Liu, Tian Yi"]
[Black "Chong, Kimberly"]
[Result "1/2-1/2"]
[WhiteElo "1607"]
[BlackElo "1779"]
[ECO "B01"]
[Opening "Scandinavian (centre counter) defence"]
[TimeControl "5400/40+30:1800"]
[EventDate "2024.09.11"]
[Board "3"]
[WhiteFideId "6006116"]
[BlackFideId "1804723"]
[WhiteTeam "Hong Kong, China"]
[BlackTeam "Wales"]

1. e4 d5 2. exd5 Qxd5 3. Nc3 Qe5+ 4. Be2 Bg4 5. d4 Bxe2 6. Ngxe2 Qa5 7. Bf4
c6 8. Qd3 Nf6 9. O-O e6 10. a3 Qd8 11. Ne4 Nxe4 12. Qxe4 Nd7 13. c4 Nf6 14.
Qf3 Bd6 15. Be5 Bxe5 16. dxe5 Nd7 17. Qc3 Qg5 18. f4 Qg4 19. Ng3 Qg6 20.
Rad1 O-O-O 21. Rd6 Nc5 22. Qd4 Rxd6 23. exd6 b6 24. f5 Qg5 25. b4 e5 26.
Qxe5 Nd7 27. Qe4 Kb7 28. b5 Rc8 29. Ne2 Nc5 30. bxc6+ Rxc6 31. Qf3 Qd2 32.
Nc3 Qd4+ 33. Kh1 Qxd6 34. Rd1 Qe5 35. Nb5 Qf6 36. Nd4 Kc7 37. Nxc6 Qxc6 38.
Qf4+ Kb7 39. Qd6 Qa4 40. Qd5+ Ka6 41. Re1 Qxa3 42. Qe5 Nd3 43. Qb5+ Kb7 44.
Qd5+ Ka6 45. Rf1 Nf2+ 46. Kg1 Ng4 47. Qf3 Qc5+ 1/2-1/2

[Event "Olimpiade 2024 - Donne"]
[Site "Budapest"]
[Date "22.09.2024"]
[Round "11.50"]
[White "Kong, Emma Zihan"]
[Black "Liang, Liyun"]
[Result "1-0"]
[WhiteElo "1747"]
[BlackElo "1463"]
[ECO "D35"]
[Opening "QGD"]
[Variation "exchange, positional line"]
[TimeControl "5400/40+30:1800"]
[EventDate "2024.09.11"]
[Board "4"]
[WhiteFideId "1805940"]
[BlackFideId "2408015"]
[WhiteTeam "Wales"]
[BlackTeam "Hong Kong, China"]

1. d4 d5 2. c4 e6 3. Nc3 Nf6 4. cxd5 exd5 5. Bg5 Be7 6. e3 c6 7. Bd3 Nbd7
8. Nf3 O-O 9. O-O Re8 10. Qc2 Nf8 11. Rab1 g6 12. b4 b5 13. Ne5 Bd7 14. Ne2
Ne6 15. Bxf6 Bxf6 16. Nxc6 Qb6 17. Ne5 Bxe5 18. dxe5 Ng7 19. Qb2 Nf5 20.
Rbd1 Rac8 21. Nf4 Qb7 22. Bxf5 Bxf5 23. Nxd5 Re6 24. Nf6+ Kg7 25. Rc1 Ra8
26. Qd4 Qb6 27. Qxb6 Rxb6 28. Rfd1 a5 29. a3 axb4 30. axb4 Ra4 31. Rd4 Rc6
32. Re1 Rc2 33. g4 Be6 34. g5 Ra8 35. Red1 Rcc8 36. Rh4 Rh8 37. Rh6 Rac8
38. Rd4 Rc4 39. Rdh4 Rxh4 40. Rxh4 h5 41. gxh6+ Rxh6 42. Ne8+ Kh7 43. Rxh6+
Kxh6 44. Nd6 Bd7 45. Nxf7+ Kg7 46. Nd6 Kf8 47. Kg2 Ke7 48. h4 Ke6 49. f4
Kd5 50. Kf3 Kc6 51. Ke4 Be6 52. Kd4 Bg4 53. e4 Be6 54. f5 1-0

[Event "Olimpiade 2024 - Donne"]
[Site "Budapest"]
[Date "22.09.2024"]
[Round "11.51"]
[White "Clarke, Adani"]
[Black "Mongeli, Sasha"]
[Result "1-0"]
[WhiteElo "1919"]
[BlackElo "1819"]
[ECO "A52"]
[Opening "Budapest"]
[Variation "Adler variation"]
[TimeControl "5400/40+30:1800"]
[EventDate "2024.09.11"]
[Board "1"]
[WhiteFideId "7402082"]
[BlackFideId "10809090"]
[WhiteTeam "Jamaica"]
[BlackTeam "Kenya"]

1. d4 Nf6 2. c4 e5 3. dxe5 Ng4 4. Nf3 Bc5 5. e3 Nc6 6. Be2 Ncxe5 7. Nxe5
Nxe5 8. O-O O-O 9. Nd2 Re8 10. Ne4 Bf8 11. Qc2 Qe7 12. b3 a5 13. Bb2 Ra6
14. Ng3 Rg6 15. Bh5 Rc6 16. f4 Ng6 17. Nf5 Qd8 18. Qc3 f6 19. Nd4 Bb4 20.
Qc2 Ra6 21. f5 Ne5 22. Bxe8 Qxe8 23. Qe4 Rd6 24. Rad1 Qh5 25. Nf3 Nxf3+ 26.
Qxf3 Qxf3 27. gxf3 Rxd1 28. Rxd1 d6 29. e4 Kf7 30. Bd4 Ba3 31. Ba7 Ke7 32.
Bb8 Bc5+ 33. Kf1 Kd8 34. Rd2 g5 35. a3 Bxa3 36. Ba7 Bd7 37. Bd4 Ke7 38. Rg2
Kf7 39. Be3 Bc6 40. Ke2 b6 41. Kd3 Bb4 42. h4 h6 43. hxg5 hxg5 44. f4 gxf4
45. Bxf4 b5 46. Bh6 bxc4+ 47. bxc4 Bd7 48. Rg7+ Ke8 49. Rg8+ Ke7 50. Bf8+
Kf7 51. Rg7+ Ke8 52. Be7 d5 53. Bxf6 dxe4+ 54. Kxe4 Bc6+ 55. Ke5 Bd6+ 56.
Ke6 Bb7 57. Rg8+ Bf8 58. Bg7 Bc8+ 59. Kf6 a4 60. Rxf8+ Kd7 61. Rxc8 1-0

[Event "Olimpiade 2024 - Donne"]
[Site "Budapest"]
[Date "22.09.2024"]
[Round "11.51"]
[White "Ndirangu, Joyce Nyaruai"]
[Black "Miller, Rachel"]
[Result "0-1"]
[WhiteElo "1782"]
[BlackElo "1912"]
[ECO "D00"]
[Opening "Queen's pawn, Mason variation, Steinitz counter-gambit"]
[TimeControl "5400/40+30:1800"]
[EventDate "2024.09.11"]
[Board "2"]
[WhiteFideId "10802886"]
[BlackFideId "7401302"]
[WhiteTeam "Kenya"]
[BlackTeam "Jamaica"]

1. d4 d5 2. Bf4 c5 3. e3 Nf6 4. c3 Nc6 5. Nd2 Bf5 6. Qb3 Qd7 7. Ngf3 c4 8.
Qd1 h6 9. h3 e6 10. Be2 Be7 11. O-O b5 12. Re1 O-O 13. Ne5 Qb7 14. g4 Bh7
15. f3 b4 16. Bf1 Nxe5 17. dxe5 Nd7 18. e4 bxc3 19. bxc3 Qb6+ 20. Kg2 Qb2
21. Kh1 Nb6 22. a4 Qxc3 23. a5 Nc8 24. exd5 exd5 25. Bg2 Bh4 26. Qc1 Qb4
27. Rd1 c3 28. Nf1 d4 29. Qa3 Qxa3 30. Rxa3 Rd8 31. e6 fxe6 32. Be5 c2 33.
Rc1 Nd6 34. Nd2 Rac8 35. Bf1 Nf7 36. Bh2 Be7 37. Rb3 Rc3 38. Kg2 Rxb3 39.
Nxb3 d3 40. Bf4 e5 41. Be3 Rb8 42. Nd2 Ba3 43. Ne4 Bxc1 44. Bxc1 Rb1 45.
Be3 Bxe4 46. fxe4 c1=Q 47. Bxc1 Rxc1 48. Bxd3 Rc3 49. Bb5 Rc5 50. Bd7 Rxa5
51. Be6 Rc5 52. h4 Kf8 53. Kf3 a5 54. Ke3 a4 55. Kd3 a3 56. Bb3 Nd8 57. Kd2
Nc6 58. g5 Nb4 59. gxh6 gxh6 60. h5 a2 0-1

[Event "Olimpiade 2024 - Donne"]
[Site "Budapest"]
[Date "22.09.2024"]
[Round "11.51"]
[White "Brown, Raehanna"]
[Black "Mutisya, Jully"]
[Result "0-1"]
[WhiteElo "1910"]
[BlackElo "1750"]
[ECO "E94"]
[Opening "King's Indian"]
[Variation "orthodox variation"]
[TimeControl "5400/40+30:1800"]
[EventDate "2024.09.11"]
[Board "3"]
[WhiteFideId "7402740"]
[BlackFideId "10814922"]
[WhiteTeam "Jamaica"]
[BlackTeam "Kenya"]

1. c4 Nf6 2. Nc3 g6 3. e4 d6 4. d4 Bg7 5. Be2 O-O 6. Nf3 e5 7. O-O exd4 8.
Nxd4 Re8 9. f3 c6 10. Nc2 Be6 11. f4 Na6 12. Be3 Qd7 13. Bd4 Nc5 14. f5
gxf5 15. exf5 Bxf5 16. Ne3 Bg6 17. Bg4 Nxg4 18. Nxg4 f5 19. Nf2 Ne4 20.
Ncxe4 fxe4 21. Bxg7 Qxg7 22. Qxd6 Rad8 23. Qf4 Rf8 24. Qe3 Qd4 25. Ng4
Qxe3+ 26. Nxe3 Rd3 27. Rxf8+ Kxf8 28. Nf1 Ke7 29. Re1 Kd6 30. Re2 Ke5 31.
Ne3 Kd4 32. Kf2 Bh5 33. g4 Bg6 34. b3 b5 35. cxb5 cxb5 36. Nc2+ Kc3 37. Ne1
Rd2 38. h4 Rxe2+ 39. Kxe2 Kb2 40. Ke3 Kxa2 41. h5 Bf7 42. b4 Kb3 43. Kxe4
Kxb4 44. Nd3+ Kc3 45. Ke3 b4 46. Nc1 b3 47. Ne2+ Kc4 48. Kd2 a5 49. Nf4 a4
50. g5 a3 51. g6 hxg6 52. hxg6 Bxg6 53. Nxg6 a2 54. Ne5+ Kd5 0-1

[Event "Olimpiade 2024 - Donne"]
[Site "Budapest"]
[Date "22.09.2024"]
[Round "11.51"]
[White "Ingado, Mercy"]
[Black "Watson, Gabriella"]
[Result "0-1"]
[WhiteElo "1645"]
[BlackElo "1826"]
[ECO "B10"]
[Opening "Caro-Kann defence"]
[TimeControl "5400/40+30:1800"]
[EventDate "2024.09.11"]
[Board "4"]
[WhiteFideId "10806601"]
[BlackFideId "7402538"]
[WhiteTeam "Kenya"]
[BlackTeam "Jamaica"]

1. e4 c6 2. Nf3 d5 3. exd5 cxd5 4. d4 Nc6 5. Nc3 Nf6 6. Bb5 a6 7. Ba4 b5 8.
Bb3 Bg4 9. O-O e6 10. Bg5 Be7 11. Re1 O-O 12. a3 Bxf3 13. gxf3 Nh5 14. Be3
Bd6 15. Kg2 Qh4 16. Rh1 f5 17. Ne2 Rf6 18. h3 Rg6+ 19. Kf1 f4 20. Bd2 Qg5
21. Rg1 Qf5 22. Rh1 Rf8 23. c3 Qd3 24. Bc2 Qxf3 25. Rh2 Ng3+ 26. Nxg3 Qxd1+
27. Rxd1 fxg3 28. Bxg6 gxh2 29. Bxh7+ Kxh7 30. Kg2 Rf6 31. Rf1 Ne7 32. f4
Ng6 33. Kxh2 Bxf4+ 34. Bxf4 Rxf4 35. Rb1 Re4 36. Kg3 Nf4 37. Kf3 Kg6 38.
Rg1+ Kf6 39. h4 Nd3 0-1

[Event "Olimpiade 2024 - Donne"]
[Site "Budapest"]
[Date "22.09.2024"]
[Round "11.52"]
[White "Ampaire, Shakira"]
[Black "Ollet, Myra"]
[Result "1-0"]
[WhiteElo "1839"]
[BlackElo "1658"]
[ECO "B00"]
[Opening "King's pawn opening"]
[TimeControl "5400/40+30:1800"]
[EventDate "2024.09.11"]
[Board "1"]
[WhiteFideId "10002782"]
[BlackFideId "31000517"]
[WhiteTeam "Uganda"]
[BlackTeam "Guam"]

1. e4 d6 2. d4 e5 3. dxe5 dxe5 4. Qxd8+ Kxd8 5. Nf3 f6 6. Nc3 c6 7. Be3 Bb4
8. O-O-O+ Kc7 9. Na4 Nd7 10. a3 Bd6 11. Be2 b5 12. Nc3 a5 13. Nb1 Nc5 14.
Nfd2 Be6 15. f3 Ne7 16. c4 b4 17. Bxc5 Bxc5 18. a4 Rad8 19. Nb3 Be3+ 20.
Kc2 Kb6 21. Rxd8 Rxd8 22. Rd1 Bd4 23. Nxd4 exd4 24. Nd2 c5 25. f4 g6 26. g4
Bf7 27. b3 h6 28. Kd3 Kc6 29. e5 f5 30. Bf3+ Kc7 31. Re1 Be6 32. gxf5 gxf5
33. Rg1 Rg8 34. Rxg8 Bxg8 35. Bh5 Bh7 36. Bf7 Kd7 37. Nf3 Bg8 38. e6+ Kd6
39. Ne5 Bh7 40. h4 Bg8 41. h5 Bh7 42. Nd7 Ng8 43. Ke2 Ke7 44. Nxc5 Nf6 45.
Kd3 Ne4 46. Kxd4 Nd2 47. Ke3 Nf1+ 48. Ke2 Ng3+ 49. Ke3 Nf1+ 50. Kd3 Ng3 51.
Nb7 Ne4 52. Nxa5 Nc5+ 53. Kd4 Nxe6+ 54. Bxe6 Kxe6 55. Nc6 Bg8 56. Nxb4 Kd6
57. c5+ Kd7 58. Nd5 Bf7 59. b4 Bxh5 60. Nf6+ 1-0

[Event "Olimpiade 2024 - Donne"]
[Site "Budapest"]
[Date "22.09.2024"]
[Round "11.52"]
[White "Ramas, Carmina Jasmine"]
[Black "Sana, Omprakash Kayyar"]
[Result "0-1"]
[WhiteElo "1712"]
[BlackElo "1937"]
[ECO "A45"]
[Opening "Queen's pawn game"]
[TimeControl "5400/40+30:1800"]
[EventDate "2024.09.11"]
[Board "2"]
[WhiteFideId "31001548"]
[BlackFideId "10021132"]
[WhiteTeam "Guam"]
[BlackTeam "Uganda"]

1. d4 Nf6 2. Bf4 g6 3. Nc3 d5 4. e3 Bg7 5. Nf3 O-O 6. h3 Bf5 7. Bd3 Bxd3 8.
Qxd3 e6 9. O-O Na6 10. a3 c5 11. Rad1 Qe7 12. Rfe1 Rfd8 13. Qe2 Nc7 14. Nb1
Rac8 15. c3 Nce8 16. Nbd2 Nd6 17. Ne5 Nfe4 18. Nxe4 Nxe4 19. f3 Nd6 20. Nd3
b6 21. Nf2 Nc4 22. Ng4 h5 23. Ne5 Na5 24. Qb5 c4 25. Bh2 Qb7 26. Qb4 Bf8
27. Qb5 a6 28. Qa4 Nb3 29. Re2 b5 30. Qxb3 cxb3 31. Bg3 a5 32. Rf1 b4 33.
axb4 axb4 34. Be1 bxc3 35. Bxc3 Bb4 36. Rc1 Bxc3 37. bxc3 Rxc3 38. Rxc3 b2
39. Rxb2 Qxb2 40. Rc7 Qd2 41. Rb7 Qxe3+ 42. Kh2 Qf4+ 43. Kh1 Rc8 44. Rb1
Rc1+ 0-1

[Event "Olimpiade 2024 - Donne"]
[Site "Budapest"]
[Date "22.09.2024"]
[Round "11.52"]
[White "Kawuma, Patricia"]
[Black "Estur, Grace Co"]
[Result "1-0"]
[WhiteElo "1839"]
[BlackElo "1586"]
[ECO "B00"]
[Opening "KP"]
[Variation "Nimzovich defence"]
[TimeControl "5400/40+30:1800"]
[EventDate "2024.09.11"]
[Board "3"]
[WhiteFideId "10012486"]
[BlackFideId "31000770"]
[WhiteTeam "Uganda"]
[BlackTeam "Guam"]

1. e4 Nc6 2. d4 d5 3. e5 Bf5 4. Bb5 f6 5. Nf3 fxe5 6. Nxe5 Qd6 7. Qf3 e6 8.
Qh5+ g6 9. Qf3 O-O-O 10. Bxc6 bxc6 11. Qc3 Qb4 12. Qxb4 Bxb4+ 13. c3 Bd6
14. Nf7 Nf6 15. Bg5 Be7 16. Nxh8 Rxh8 17. Nd2 h6 18. Be3 g5 19. O-O-O g4
20. h3 gxh3 21. gxh3 h5 22. f3 h4 23. Bg5 Kd7 24. Nf1 Rh5 25. Bf4 c5 26.
Ne3 Bh7 27. Rhg1 cxd4 28. cxd4 c5 29. dxc5 Bxc5 30. Rg7+ Ke8 31. Ng4 Nxg4
32. fxg4 e5 33. gxh5 1-0

[Event "Olimpiade 2024 - Donne"]
[Site "Budapest"]
[Date "22.09.2024"]
[Round "11.52"]
[White "Benzon, Tiffany"]
[Black "Takali, Milly"]
[Result "0-1"]
[WhiteElo "1610"]
[BlackElo "1707"]
[ECO "B22"]
[Opening "Sicilian"]
[Variation "Alapin's variation (2.c3)"]
[TimeControl "5400/40+30:1800"]
[EventDate "2024.09.11"]
[Board "4"]
[WhiteFideId "31001564"]
[BlackFideId "10010173"]
[WhiteTeam "Guam"]
[BlackTeam "Uganda"]

1. e4 c5 2. c3 d6 3. d4 cxd4 4. cxd4 g6 5. Nf3 Bg7 6. Nc3 a6 7. Bc4 Nc6 8.
d5 Ne5 9. Nxe5 Bxe5 10. f4 Bg7 11. O-O Nf6 12. h3 O-O 13. e5 dxe5 14. fxe5
Nh5 15. g4 Ng3 16. Re1 f5 17. exf6 Bxf6 18. Bf4 Qb6+ 19. Kg2 Qxb2+ 20. Ne2
Nxe2 21. Qxe2 Qxe2+ 22. Rxe2 Bxa1 23. Bh6 Re8 24. d6+ e6 25. Kg3 Bd7 26.
Bg5 Rac8 27. Bb3 Rc3+ 28. Kh4 Kg7 29. Rf2 Rd3 30. Be7 Be5 31. g5 Bg3+ 32.
Kg4 e5+ 33. Rf5 Bxf5# 0-1

[Event "Olimpiade 2024 - Donne"]
[Site "Budapest"]
[Date "22.09.2024"]
[Round "11.53"]
[White "Fabra, Nahiara"]
[Black "Ghitza, Elena"]
[Result "1-0"]
[WhiteElo "1932"]
[BlackElo "1817"]
[ECO "B06"]
[Opening "Robatsch (modern) defence"]
[TimeControl "5400/40+30:1800"]
[EventDate "2024.09.11"]
[Board "1"]
[WhiteFideId "3009572"]
[BlackFideId "5603315"]
[WhiteTeam "Uruguay"]
[BlackTeam "Malta"]

1. e4 g6 2. d4 d6 3. f4 Bg7 4. Nf3 Bg4 5. c3 Nd7 6. e5 e6 7. Nbd2 Ne7 8.
Bd3 Nd5 9. Ne4 Qe7 10. h3 Bf5 11. g4 Bxe4 12. Bxe4 O-O-O 13. Bd2 dxe5 14.
fxe5 N7b6 15. Qe2 c6 16. O-O-O f6 17. exf6 Bxf6 18. Rde1 Rhe8 19. h4 c5 20.
Kb1 c4 21. g5 Bg7 22. h5 Qf7 23. hxg6 hxg6 24. Rhf1 Qc7 25. Bxg6 Re7 26.
Ne5 Bxe5 27. Qxe5 Qxe5 28. Rxe5 Nd7 29. Ree1 Rf8 30. Rxf8+ Nxf8 31. Be4 Kd7
32. b3 b5 33. Rg1 Rg7 34. Kb2 Ng6 35. Rh1 Kd6 36. Rh6 Nde7 37. bxc4 bxc4
38. Ka3 Nf5 39. Kb4 Nxh6 40. gxh6 Rg8 41. Bxg6 Kd5 42. h7 Rb8+ 43. Ka3 e5
44. Bf7+ Kd6 45. dxe5+ Kxe5 46. Bg8 1-0

[Event "Olimpiade 2024 - Donne"]
[Site "Budapest"]
[Date "22.09.2024"]
[Round "11.53"]
[White "Thornton, Filipina"]
[Black "Silva Rosas, Natalia"]
[Result "1-0"]
[WhiteElo "1768"]
[BlackElo "1868"]
[ECO "B43"]
[Opening "Sicilian"]
[Variation "Kan, 5.Nc3"]
[TimeControl "5400/40+30:1800"]
[EventDate "2024.09.11"]
[Board "2"]
[WhiteFideId "5600464"]
[BlackFideId "3000575"]
[WhiteTeam "Malta"]
[BlackTeam "Uruguay"]

1. e4 c5 2. Nf3 e6 3. d4 cxd4 4. Nxd4 a6 5. Nc3 Qc7 6. Bd3 Nf6 7. Qf3 Bd6
8. Bg5 Be5 9. Nde2 Nc6 10. Be3 b5 11. a3 Bb7 12. Qh3 Qa5 13. O-O Bb8 14. f4
d6 15. Kh1 Qc7 16. f5 Bc8 17. Nf4 Qe7 18. Rae1 Ne5 19. fxe6 Bxe6 20. Nxe6
Qxe6 21. Qh4 Ng6 22. Qf2 Ng4 23. Qd2 Nxe3 24. Rxe3 Ba7 25. Rg3 O-O 26. Nd5
Rac8 27. Qg5 f6 28. Qh5 Qe5 29. Qh3 Rc5 30. b4 Rcc8 31. Qd7 Bd4 32. Rxg6
hxg6 33. Ne7+ Qxe7 34. Qxe7 Rce8 35. Qxd6 Be5 36. Qxa6 Kh7 37. Qxb5 g5 38.
Qd7 Rh8 39. Bc4 Rd8 40. Qh3+ Kg6 41. Qf5+ Kh5 42. Bf7+ Kh4 43. g4 1-0

[Event "Olimpiade 2024 - Donne"]
[Site "Budapest"]
[Date "22.09.2024"]
[Round "11.53"]
[White "Cardozo, Camila"]
[Black "Stagno, Milena"]
[Result "1/2-1/2"]
[WhiteElo "1673"]
[BlackElo "1664"]
[ECO "D00"]
[Opening "Queen's pawn, Mason variation"]
[TimeControl "5400/40+30:1800"]
[EventDate "2024.09.11"]
[Board "3"]
[WhiteFideId "3004457"]
[BlackFideId "5602289"]
[WhiteTeam "Uruguay"]
[BlackTeam "Malta"]

1. d4 d5 2. Bf4 Nf6 3. e3 c5 4. Nf3 Nc6 5. Nbd2 Bg4 6. c3 e6 7. h3 Bf5 8.
g4 Bg6 9. Nh4 Be4 10. f3 Nh5 11. Ng2 Nxf4 12. fxe4 Nxg2+ 13. Bxg2 Qh4+ 14.
Kf1 Qg5 15. Qe2 cxd4 16. exd5 exd5 17. exd4+ Be7 18. Nf3 Qg6 19. Ne5 Qf6+
20. Bf3 Rd8 21. Nxc6 bxc6 22. Re1 O-O 23. Kg2 Bd6 24. Qf2 Rde8 25. Be2 Qg6
26. Bd1 Bc7 27. Bc2 Qg5 28. Bf5 Qd8 29. Rhf1 Qd6 30. Kg1 g6 31. Rxe8 Rxe8
32. Bb1 Qg3+ 33. Qxg3 Bxg3 1/2-1/2

[Event "Olimpiade 2024 - Donne"]
[Site "Budapest"]
[Date "22.09.2024"]
[Round "11.53"]
[White "Portelli, Martina"]
[Black "Altesor, Caterina"]
[Result "0-1"]
[WhiteElo "1523"]
[BlackElo "1741"]
[ECO "C53"]
[Opening "Giuoco Piano"]
[TimeControl "5400/40+30:1800"]
[EventDate "2024.09.11"]
[Board "4"]
[WhiteFideId "5601851"]
[BlackFideId "3017613"]
[WhiteTeam "Malta"]
[BlackTeam "Uruguay"]

1. e4 e5 2. Nf3 Nc6 3. Bc4 Bc5 4. c3 Nf6 5. d3 d6 6. O-O a6 7. Bb3 h6 8. h3
O-O 9. Re1 Ba7 10. Nbd2 Be6 11. Bc2 Ne7 12. d4 Ng6 13. Nf1 Nh5 14. d5 Bd7
15. Nxe5 Qh4 16. Nd3 Bb5 17. Be3 Bxe3 18. Nxe3 Bd7 19. Nf5 Qg5 20. Qf3 Bxf5
21. Qxf5 Qxf5 22. exf5 Nh4 23. Re7 Rac8 24. Re4 Nxf5 25. g4 Nf6 26. Rb4 Ne7
27. Rxb7 Nexd5 28. Nb4 Nxb4 29. Rxb4 Rfe8 30. Bd3 Rb8 31. Rxb8 Rxb8 32.
Bxa6 Rxb2 33. a4 Ne4 34. a5 Nxc3 35. Bd3 Rb7 36. Re1 Kf8 37. a6 Ra7 38. Rc1
Na4 39. Bb5 Nc5 40. Re1 Ne6 41. Ra1 Nd4 42. Bd7 Ke7 43. Bc8 Kd8 44. Bb7 Kd7
45. Kf1 Nb3 46. Ra2 Nc5 47. Rb2 Nxa6 48. Bxa6 Rxa6 49. Ke2 Rb6 50. Rc2 Rb3
51. f3 c5 52. Rc4 Rb4 0-1

[Event "Olimpiade 2024 - Donne"]
[Site "Budapest"]
[Date "22.09.2024"]
[Round "11.54"]
[White "Hamadeh, Sally"]
[Black "Johnson, Gabriella"]
[Result "0-1"]
[WhiteElo "1557"]
[BlackElo "1896"]
[ECO "C55"]
[Opening "Two knights defence (Modern bishop's opening)"]
[TimeControl "5400/40+30:1800"]
[EventDate "2024.09.11"]
[Board "1"]
[WhiteFideId "5312671"]
[BlackFideId "7701128"]
[WhiteTeam "Lebanon"]
[BlackTeam "Trinidad & Tobago"]

1. e4 e5 2. Nf3 Nc6 3. Bc4 Nf6 4. d3 Be7 5. Nc3 d6 6. a4 O-O 7. O-O Be6 8.
Nd5 h6 9. Bd2 Qd7 10. c3 Bg4 11. Ne3 Bh5 12. Nf5 Nh7 13. Kh1 Bg5 14. Rg1
Bg4 15. Ng3 Kh8 16. h3 Bxf3 17. Qxf3 Bxd2 18. h4 g6 19. Rad1 Qe7 20. Qg4
Bf4 21. Ne2 h5 22. Qh3 Nf6 23. g3 Bh6 24. f3 Kg7 25. g4 Be3 26. Rg2 Rh8 27.
Rf1 hxg4 28. fxg4 Rxh4 29. Qxh4 Rh8 30. Qxh8+ Kxh8 31. g5 Bxg5 32. Rxg5
Nxe4 33. Rg2 Ng5 34. Ng3 Nd8 35. Rgf2 Kg7 36. Kg2 c6 37. Bb3 d5 38. d4 e4
39. Re2 Qe6 40. Bc2 Qh3+ 41. Kf2 Qh2+ 42. Ke1 Qxg3+ 43. Kd1 Qg4 44. Ke1
Nf3+ 45. Kd1 Ng1 46. Re1 Ne6 47. Kd2 Nxe2 48. Rxe2 f5 49. Bd1 Qg5+ 50. Kc2
f4 51. Re1 f3 52. b4 Nf4 53. Kb2 Nd3+ 0-1

[Event "Olimpiade 2024 - Donne"]
[Site "Budapest"]
[Date "22.09.2024"]
[Round "11.54"]
[White "Hermoso Rodriguez, Ysvett"]
[Black "Attieh, Skye"]
[Result "1/2-1/2"]
[WhiteElo "1943"]
[BlackElo "1675"]
[ECO "C00"]
[Opening "French"]
[Variation "King's Indian attack"]
[TimeControl "5400/40+30:1800"]
[EventDate "2024.09.11"]
[Board "2"]
[WhiteFideId "3912167"]
[BlackFideId "5313570"]
[WhiteTeam "Trinidad & Tobago"]
[BlackTeam "Lebanon"]

1. e4 e6 2. d3 d5 3. Nd2 Nf6 4. g3 c5 5. Bg2 Nc6 6. Ngf3 Be7 7. O-O O-O 8.
e5 Nd7 9. Re1 Qc7 10. Qe2 b6 11. Nf1 Bb7 12. Bf4 Rac8 13. c3 Rfd8 14. g4 b5
15. Rac1 Nb6 16. b3 a5 17. h4 c4 18. Be3 Nd7 19. dxc4 bxc4 20. N1d2 Ba3 21.
Rb1 Ba6 22. bxc4 Ncxe5 23. Bf4 Nxf3+ 24. Qxf3 e5 25. Bg3 dxc4 26. Ne4 Be7
27. g5 Rb8 28. Qf5 Bc8 29. Qf3 Rf8 30. h5 Bb7 31. Qf5 Bc8 32. Qf3 Bb7 33.
Qf5 Bc8 34. Qf3 1/2-1/2

[Event "Olimpiade 2024 - Donne"]
[Site "Budapest"]
[Date "22.09.2024"]
[Round "11.54"]
[White "Al Asmar, Remy"]
[Black "La Fleur, Zara"]
[Result "1/2-1/2"]
[WhiteElo "1661"]
[BlackElo "1773"]
[ECO "D02"]
[Opening "Queen's pawn game"]
[TimeControl "5400/40+30:1800"]
[EventDate "2024.09.11"]
[Board "3"]
[WhiteFideId "5319935"]
[BlackFideId "7703848"]
[WhiteTeam "Lebanon"]
[BlackTeam "Trinidad & Tobago"]

1. d4 d5 2. Nf3 Nf6 3. g3 Bf5 4. Bg2 e6 5. O-O Bd6 6. c4 c6 7. Nbd2 h6 8.
Qb3 Qc8 9. Re1 O-O 10. Ne5 Nbd7 11. Nd3 b6 12. Qc3 c5 13. cxd5 exd5 14.
dxc5 Nxc5 15. Nxc5 Bxc5 16. Nb3 Be4 17. Nxc5 Bxg2 18. Kxg2 Qxc5 19. Be3
Qxc3 20. bxc3 Rac8 21. Rac1 Ne4 22. Bd4 Rc4 23. f3 Nd6 24. Red1 Nb5 25. Rd3
Re8 26. Kf2 Rec8 27. Rcd1 Ra4 28. R1d2 Rac4 29. Be5 Nxc3 30. Bxc3 Rxc3 31.
Rxd5 Kf8 32. Rd7 R3c7 33. h4 Ke8 34. R7d5 Rc2 35. g4 Rxd2 36. Rxd2 Rc5 37.
Rd3 Ra5 38. a3 Ra4 39. Kg3 Rc4 40. e4 b5 41. Rd5 a6 42. Rd6 Ra4 43. Rd3 Ke7
44. Kf4 Rc4 45. Ke3 Ke6 46. h5 a5 47. Rd5 Rc3+ 48. Kf4 Rxa3 49. Rxb5 a4 50.
Ra5 Ra1 51. Ra6+ Ke7 52. Ra7+ Ke6 53. Ra6+ Ke7 54. Ra7+ Ke6 1/2-1/2

[Event "Olimpiade 2024 - Donne"]
[Site "Budapest"]
[Date "22.09.2024"]
[Round "11.54"]
[White "James, Shemilah"]
[Black "Darweeche, Roaa"]
[Result "1-0"]
[WhiteElo "1774"]
[BlackElo "1557"]
[ECO "C01"]
[Opening "French"]
[Variation "exchange variation"]
[TimeControl "5400/40+30:1800"]
[EventDate "2024.09.11"]
[Board "4"]
[WhiteFideId "7702060"]
[BlackFideId "5313082"]
[WhiteTeam "Trinidad & Tobago"]
[BlackTeam "Lebanon"]

1. e4 e6 2. d4 d5 3. exd5 exd5 4. Bd3 c6 5. Nf3 Bd6 6. O-O Ne7 7. Re1 Bg4
8. Nbd2 Qc7 9. Nf1 O-O 10. Bxh7+ Kh8 11. Bd3 Nd7 12. Ng3 f6 13. c3 Kg8 14.
Bb1 Kf7 15. Ng5+ fxg5 16. Qxg4 Nf6 17. Qe6+ Ke8 18. Bxg5 Kd8 19. Bd3 Qd7
20. Nf5 Nxf5 21. Bxf5 Qxe6 22. Rxe6 Kc7 23. Bxf6 Rxf6 24. Rxf6 gxf6 25. Re1
Rh8 26. g3 Rh5 27. Bd3 f5 28. Be2 Rg5 29. h4 Rg7 30. Bf3 Kd7 31. Kg2 Be7
32. h5 Bf6 33. Kh3 Rh7 34. Bd1 Rg7 35. f3 Rg8 36. g4 f4 37. Bc2 Bg5 38.
Bf5+ Kd8 39. Re6 Rh8 40. Rg6 Be7 41. h6 Ke8 42. g5 Kf7 43. Rg7+ Ke8 44. Kg4
c5 45. dxc5 Bxc5 46. h7 Kf8 47. Rxb7 Be7 48. g6 Bf6 49. Rf7+ 1-0